 Dungeon Crawl Stone Soup version 0.28.0-53-g5a82cb258f (webtiles) character file.

Game seed: 10375218078089249635

126 mortz the Conjurer (level 5, -7/28 HPs)
             Began as a Kobold Conjurer on Aug 18, 2022.
             Mangled by Urakste's ghost (13 damage)
             ... on level 3 of the Dungeon.
             The game lasted 00:11:56 (2928 turns).

mortz the Conjurer (Kobold Conjurer)                Turns: 2928, Time: 00:11:57

Health: -7/28      AC:  3    Str:  4    XL:     5   Next: 31%
Magic:  0/8        EV: 28    Int: 21    God:
Gold:   99         SH:  0    Dex: 14    Spells: 6/9 levels left

rFire   . . .      SeeInvis .   c - +0 short sword {short}
rCold   . . .      Faith    .   (no shield)
rNeg    . . .      Spirit   .   b - +0 leather armour
rPois   .          Reflect  .   (no helmet)
rElec   .          Harm     .   (no cloak)
rCorr   .          Rampage  .   (no gloves)
Will    .....                   (no boots)
Stlth   +++.......              e - amulet of the acrobat
HPRegen 0.09/turn               (no ring)
MPRegen 0.11/turn               (no ring)

@: about to teleport, acrobatic
A: small, no large weapons, nightstalker 3
a: no special abilities


You were on level 3 of the Dungeon.
You visited 1 branch of the dungeon, and saw 3 of its levels.

You collected 99 gold pieces.


Innate Abilities, Weirdness & Mutations

You are small and have problems with some larger weapons.
You are completely attuned to the shadows.


   Skills:
 + Level 0.1 Fighting
 + Level 0.8 Short Blades
 + Level 2.6 Dodging
 + Level 3.8 Stealth
 + Level 2.5 Spellcasting
 + Level 5.1 Conjurations
 * Level 1.6 Translocations


You had 6 spell levels left.
You knew the following spells:

 Your Spells              Type           Power      Damage    Failure   Level
a - Magic Dart            Conj           96%        1d7       3%          1
b - Searing Ray           Conj           48%        2d6       4%          2

Your spell library contained the following spells:

 Spells                   Type           Power      Damage    Failure   Level
 Summon Small Mammal      Summ           8%         N/A       26%         1
 Dazzling Flash           Conj/Hex       26%        N/A       26%         3
 Iskenderun's Mystic Bla  Conj/Tloc      17%        2d5       52%         4
 Call Canine Familiar     Summ           2%         N/A       58%         3
 Summon Guardian Golem    Hex/Summ       2%         N/A       58%         3
 Fulminant Prism          Conj/Hex       6%         3d7       65%         4

Inventory:

Hand Weapons
 c - a +0 short sword (weapon) {short}
   (You took it off a kobold on level 1 of the Dungeon)
 d - a +0 hand axe {axe}
   (You found it on level 1 of the Dungeon)
 h - a +1 mace of holy wrath {mace}
   (You found it on level 3 of the Dungeon)
Armour
 a - a +0 robe
 b - a +0 leather armour (worn)
   (You found it on level 2 of the Dungeon)
Jewellery
 e - an amulet of the acrobat (around neck)
   (You found it on level 2 of the Dungeon)
Scrolls
 i - a scroll of fear {unknown}
Potions
 g - a potion of mutation {unknown}
 j - a potion of curing {unknown}

Dungeon Overview and Level Annotations

Branches:
Dungeon (3/15)

Altars:

Annotations:
D:3 Urakste's ghost, amateur DjFE

#####.#### #.#
.......... #.#
###..>### #.#
#...#.# #.#
####)#.<.# #.#
.......### # #####.#
####...# #. ......#
#...# ...#####.####
#...# ?..h@W.......
#...# ..<###...####
#. #...# # #...#
#...## #
#######....#
#.#######......).#.#
#.#.............##.#
#......>..####..##.#


You could see a hound and Urakste's ghost.


Message History

😎 MP[-1]
You lost 1 mp, and now have 5/8 mp.
The searing ray hits the adder!
You kill the adder!
The searing ray hits the adder!
You kill the adder!
The searing ray hits Urakste's ghost but does no damage.
The adder bites you.
Urakste's ghost screams, "I have seen your future, and it is all used up."
Your Translocations skill increases to level 1! 😕 HP[-3] MP[-1]
You take 3 damage, and now have 25/28 hp.
You lost 1 mp, and now have 4/8 mp.
The adder bites you but does no damage. The adder misses you. 😕 HP[+1] MP[+1]
The adder completely misses you.
Casting: Searing Ray (safe; 4% risk of failure)
Confirm with . or Enter, or press ? or * to list all spells.
Aiming: Searing Ray (safe; 4% risk of failure)
Press: ? - help, Shift-Dir - straight line, f - Urakste's ghost
Aim: Urakste's ghost, wielding a weapon of electrocution (79% to hit)
The searing ray misses the adder.
The searing ray hits Urakste's ghost. (Press . to maintain the ray.)
The adder barely misses you. 😕 MP[-2]
You lost 2 mp, and now have 3/8 mp.
The searing ray misses the adder.
The searing ray hits Urakste's ghost but does no damage.
The adder bites you. 😕 HP[-2] MP[-1]
You take 2 damage, and now have 24/28 hp.
You lost 1 mp, and now have 2/8 mp.
The searing ray hits the adder.
You kill the adder!
The searing ray misses Urakste's ghost. 😕 MP[-1]
You lost 1 mp, and now have 1/8 mp.
The searing ray hits Urakste's ghost.
You finish channelling your searing ray.
Urakste's ghost misses you. 😕 MP[-1]
You lost 1 mp, and now have 0/8 mp.
You hit Urakste's ghost but do no damage.
Urakste's ghost closely misses you. 😕 MP[+1]
You hit Urakste's ghost but do no damage.
Urakste's ghost hits you. 😮 HP[-4]
You take 4 damage, and now have 20/28 hp.
You hit Urakste's ghost but do no damage.
Urakste's ghost misses you. 😮 HP[+1]
You hit Urakste's ghost but do no damage.
Urakste's ghost hits you. 😮 HP[-1]
You take 1 damage, and now have 20/28 hp.
You hit Urakste's ghost but do no damage.
Urakste's ghost hits you. 😮 HP[-1]
You take 1 damage, and now have 19/28 hp.
You barely miss Urakste's ghost.
Urakste's ghost hits you but does no damage.
You see here a +0 dagger {short}. 😮 MP[+1] 😮 HP[+1] Urakste's ghost says, "Watch and be amazed!"
Found a stone staircase leading up.
A hound comes into view.
As you read the scroll labelled JIEC HIWYAVI, it crumbles to dust.
You feel strangely unstable.
It was a scroll of teleportation.
The hound closely misses you. Urakste's ghost misses you.
Casting: Searing Ray (safe; 4% risk of failure)
Confirm with . or Enter, or press ? or * to list all spells.
Aiming: Searing Ray (safe; 4% risk of failure)
Press: ? - help, Shift-Dir - straight line, f/p - Urakste's ghost
Aim: Urakste's ghost, wielding a weapon of electrocution (lightly damaged, 79% to hit)
The searing ray hits Urakste's ghost. (Press . to maintain the ray.)
The hound bites you. x2
* * * LOW HITPOINT WARNING * * *
Urakste's ghost hits you.
* * * LOW HITPOINT WARNING * * *
😨 HP[-10] MP[-1]
You take 10 damage, and now have 10/28 hp.
MASSIVE DAMAGE!! (PAUSE)
You lost 1 mp, and now have 1/8 mp.
The searing ray hits Urakste's ghost but does no damage.
The hound completely misses you.
Urakste's ghost says, "They lied to you.
The Dungeon just goes down and down forever."
Urakste's ghost completely misses you. 😨 MP[-1]
You lost 1 mp, and now have 0/8 mp.
Without enough magic to sustain it, your searing ray dissipates.
The hound closely misses you. The hound completely misses you.
Urakste's ghost hits you.
* * * LOW HITPOINT WARNING * * *
You are electrocuted!
You die...

Skill      XL: |  1  2  3  4  5 |
---------------+----------------+-----
Stealth        | 3 |  3.8
Conjurations   | 5 |  5.1
Translocations | 1 |  1.6
Fighting       | |  0.1
Short Blades   | |  0.8
Dodging        | |  2.6
Spellcasting   | |  2.5

Action                   |  1- 3 |  4- 6 || total
-------------------------+-------+-------++-------
Melee: Club              |     6 |       ||     6
       Short sword       |     8 |    10 ||    18
 Cast: Magic Dart        |    10 |       ||    10
       Searing Ray       |    21 |    23 ||    44
  Use: Scroll            |     1 |     1 ||     2
 Stab: Sleeping          |     8 |     3 ||    11
Armor: Robe              |     8 |       ||     8
       Leather armour    |       |     2 ||     2
Dodge: Dodged            |    14 |    22 ||    36

Levels and vault maps discovered:
D:1:      scummos_arrival_hexagon, layout_rooms, minmay_misc_feat_five
D:2:      layout_loops_ring, hangedman_decor_diamond_cutter,
          hangedman_decor_clover_reticule, minmay_surrounded
D:3:      layout_loops_ring, mainiacjoe_overflow_paths, ebering_ghost_sewer_d

Notes
Turn   | Place    | Note
-------+----------+-------------------------------------------
     0 | D:1      | mortz the Kobold Conjurer began the quest for the Orb.
     0 | D:1      | Reached XP level 1. HP: 10/10 MP: 3/3
     0 | D:1      | magus.rc [v1.9.6]
    97 | D:1      | Reached XP level 2. HP: 10/15 MP: 1/5
   100 | D:1      | Learned a level 2 spell: Searing Ray
   625 | D:1      | Reached XP level 3. HP: 19/19 MP: 3/6
   923 | D:1      | Reached skill level 3 in Stealth
  1305 | D:2      | Reached skill level 5 in Conjurations
  1386 | D:2      | Reached XP level 4. HP: 24/24 MP: 4/7
  2791 | D:3      | Reached XP level 5. HP: 28/28 MP: 1/8
  2864 | D:3      | You pick up a book of Callings and begin reading...
  2864 | D:3      | You add the spells Summon Small Mammal, Call Canine
                  | Familiar and Summon Guardian Golem to your library.
  2865 | D:3      | Found a runed translucent door.
  2891 | D:3      | Noticed Urakste's ghost (amateur DjFE)
  2894 | D:3      | Reached skill level 1 in Translocations
  2928 | D:3      | HP: 6/28 [Urakste's ghost (4)]
  2928 | D:3      | Mangled by Urakste's ghost

Vanquished Creatures
  5 adders (D:3)
  A worm (D:2)
  2 dart slugs
  2 orcs (D:3)
  4 ball pythons
  6 bats
  A bat skeleton (D:2)
  11 endoplasms
  4 giant cockroaches
  9 goblins
  4 hobgoblins
  5 kobolds
  3 quokkas
  3 frilled lizards
  5 rats
65 creatures vanquished.

Table legend:
 A = Non-vault XP
 B = Vault XP
 C = Vault XP percentage of total XP
 D = Non-vault monster count
 E = Vault monster count
 F = Vault count percentage of total count
                 A         B        C        D         E       F
            +---------+---------+-------+---------+---------+-------
      Total |     134 |      46 |  25.6 |      58 |       7 |  10.8
            +---------+---------+-------+---------+---------+-------
        D:1 |      61 |       0 |   0.0 |      33 |       0 |   0.0
        D:2 |      25 |       7 |  21.9 |      13 |       4 |  23.5
        D:3 |      48 |      39 |  44.8 |      12 |       3 |  20.0
            +---------+---------+-------+---------+---------+-------

Illustrated notes

Table legend:
 A = Kills in this place as a percentage of kills in entire the game.
 B = Kills by you in this place as a percentage of kills by you in the entire game.
 C = Kills by friends in this place as a percentage of kills by friends in the entire game.
 D = Other kills in this place as a percentage of other kills in the entire game.
 E = Experience gained in this place as a percentage of experience gained in the entire game.
 F = Experience gained in this place divided by the number of levels of this place that you have seen.
                   A       B       C       D       E      F
               +-------+-------+-------+-------+-------+----------------------
         Total | 100.0 | 100.0 |   N/A |   N/A | 100.0 |  60.0
       Dungeon | 100.0 | 100.0 |   N/A |   N/A | 100.0 |  60.0
               +-------+-------+-------+-------+-------+----------------------

Table legend: (Time is in decaauts)
 A = Elapsed time spent in this place.
 B = Non-inter-level travel time spent in this place.
 C = Inter-level travel time spent in this place.
 D = Time resting spent in this place.
 E = Time spent auto-exploring this place.
 F = Levels seen in this place.
 G = Mean time per level.
                   A        B        C        D        E       F      G
               +--------+--------+--------+--------+--------+-----+--------+
         Total |   2929 |   2898 |     31 |    161 |   2297 |   3 |  976.3 |
       Dungeon |   2929 |   2898 |     31 |    161 |   2297 |   3 |  976.3 |
               +--------+--------+--------+--------+--------+-----+--------+

Top non-repeatable levels by time:
     D:1: 1275 daAuts
     D:2: 1057 daAuts
     D:3: 596 daAuts
